Map: Beckett Industries LE

Players

SKillous - Winner!

  • Race: Protoss Protoss
  • League: Grandmaster

AGOElazer (Elazer)

  • Race: Zerg Zerg
  • League: Grandmaster

Event: DreamHack SC2 Masters 2021 Summer

VOD

Have the link to the VOD?

Description

Time

  • Played on: June 3, 2021, 9:25 a.m.
  • Length: 5:55

All games in this series

Show
View Real Time Build Order
Export as new Build Order

SKillous Protoss - Winner!

Build Orders: 1 Gate Expand 

Get SALT Encoding   

  12  0:00  Probe  
  13  0:12  Probe  
  14  0:19  Pylon  
  14  0:24  Probe  
  15  0:37  Probe (Chrono Boost)  
  15  0:40  Gateway  
  16  0:47  Probe (Chrono Boost)  
  16  0:49  Assimilator  
  17  0:52  Probe (Chrono Boost)  
  18  1:04  Probe  
  19  1:16  Probe  
  20  1:27  Nexus  
  20  1:40  Cybernetics Core  
  20  1:42  Probe  
  21  1:49  Assimilator  
  21  1:54  Probe  
  22  1:57  Pylon  
  22  2:06  Probe  
  23  2:13  Adept (Chrono Boost)  
  23  2:18  Probe  
  23  2:22  Stargate  
  26  2:29  Warp Gate  
  26  2:30  Probe  
  26  2:34  Stalker (Chrono Boost)  
  29  2:39  Probe  
  29  2:42  Probe  
  31  2:51  Probe  
  31  2:54  Probe  
  31  2:56  Void Ray (Chrono Boost)  
  33  3:03  Probe  
  38  3:06  Probe  
  39  3:13  Gateway  
  41  3:24  Probe  
  41  3:25  Twilight Council  
  41  3:42  Robotics Facility  
  41  3:44  Adept  
  43  3:54  Gateway  
  43  3:56  Gateway  
  43  3:59  Gateway  
  43  4:04  Charge (Chrono Boost)  
  42  4:13  Probe  
  42  4:14  Gateway  
  42  4:16  Gateway  
  43  4:27  Gateway, Pylon  
  43  4:28  Warp Prism (Chrono Boost)  
  45  4:42  Pylon  
  45  4:45  Nexus  
  45  4:50  Zealot  
  45  4:51  Zealot  
  49  4:54  Zealot  
  51  5:01  Zealot  
  51  5:06  Zealot  
  55  5:12  Zealot x3  
  61  5:19  Pylon x2  
  61  5:20  Pylon  
  61  5:37  Zealot x7  
  61  5:38  Zealot  
Show
View Real Time Build Order
Export as new Build Order

AGOElazer Zerg 

Build Orders: Hatch First 

Get SALT Encoding   

  12  0:00  Drone  
  13  0:12  Overlord  
  13  0:16  Drone  
  14  0:30  Drone x2  
  16  0:41  Drone  
  17  0:51  Hatchery  
  17  0:55  Drone  
  17  0:59  Drone  
  18  1:09  Extractor  
  17  1:14  Spawning Pool  
  17  1:16  Drone  
  17  1:20  Drone  
  18  1:27  Drone  
  19  1:38  Drone  
  20  1:52  Overlord  
  20  2:01  Queen  
  20  2:04  Drone, Queen  
  20  2:05  Zergling x2  
  26  2:12  Metabolic Boost, Zergling x2  
  26  2:13  Drone  
  29  2:22  Drone  
  29  2:24  Drone  
  30  2:33  Drone  
  30  2:36  Drone  
  32  2:41  Hatchery  
  31  2:47  Queen  
  33  2:52  Overlord  
  33  2:53  Drone  
  34  2:59  Queen  
  34  3:03  Overlord  
  36  3:11  Drone x2  
  38  3:13  Drone x3  
  38  3:15  Drone  
  38  3:17  Drone  
  38  3:19  Drone  
  44  3:24  Drone  
  45  3:27  Queen  
  45  3:31  Spore Crawler  
  45  3:32  Drone  
  47  3:34  Drone  
  47  3:40  Overlord  
  48  3:42  Overlord  
  48  3:43  Drone  
  49  3:53  Drone  
  50  3:57  Overlord  
  50  3:59  Drone x6  
  50  4:02  Drone  
  57  4:04  Queen  
  57  4:09  Zergling x4  
  61  4:12  Drone x3  
  61  4:16  Overlord  
  64  4:18  Drone  
  64  4:19  Drone  
  66  4:26  Overlord  
  66  4:29  Zergling x2  
  66  4:30  Extractor, Roach Warren, Zergling x2  
  66  4:33  Zergling x2  
  66  4:34  Drone x3  
  66  4:37  Overlord  
  70  4:40  Drone x2  
  70  4:41  Drone, Extractor  
  72  4:47  Queen  
  72  4:49  Queen  
  72  4:50  Drone  
  72  4:51  Drone  
  78  4:54  Lair  
  78  4:56  Drone x2  
  78  4:59  Overlord  
  79  5:01  Drone x2  
  79  5:05  Drone x3  
  84  5:11  Overlord  
  84  5:13  Drone x6  
  89  5:15  Drone x2  
  89  5:17  Drone  
  92  5:22  Overlord  
  92  5:27  Hatchery  
  91  5:29  Drone x3  
  91  5:34  Overlord  
  91  5:35  Zergling x4  
  96  5:40  Extractor  
Tags
 
Add a new tag
Caveats
  • Supply blocks, unpowered buildings, or Contaminate may cause inaccurate times.
  • Supply counts are checked every 10 seconds.